Map: Cyber Forest LE

Players

Erik - Winner!

  • Race: Zerg Zerg
  • League: Master
  • Spawn Location: 11:00

Toodming

  • Race: Zerg Zerg
  • League: Gold
  • Spawn Location: 5:00

Event: 2019 WCS Winter Americas

VOD

Have the link to the VOD?

Description

Time

  • Played on: Jan. 31, 2019, 2:36 p.m.
  • Length: 19:45

All games in this series

Show
View Real Time Build Order
Export as new Build Order

Erik Zerg - Winner!

Build Orders: Pool First, Lurkers 

Get SALT Encoding   

  12  0:01  Drone  
  13  0:12  Overlord  
  13  0:17  Drone  
  14  0:30  Drone  
  14  0:31  Drone  
  16  0:40  Spawning Pool  
  15  0:45  Drone  
  15  0:49  Drone  
  17  1:08  Hatchery  
  16  1:12  Drone  
  17  1:28  Zergling x4  
  17  1:29  Zergling x2  
  17  1:30  Queen  
  22  1:39  Overlord  
  22  1:48  Extractor  
  22  1:50  Drone  
  22  2:01  Drone  
  22  2:06  Queen  
  25  2:11  Drone  
  26  2:21  Drone  
  26  2:22  Drone  
  28  2:28  Queen  
  30  2:33  Drone x2  
  32  2:42  Overlord  
  32  2:43  Drone x3  
  35  2:49  Drone  
  36  3:01  Drone x2  
  36  3:04  Overlord  
  38  3:07  Lair  
  38  3:09  Extractor  
  38  3:11  Extractor, Drone  
  37  3:13  Evolution Chamber  
  37  3:15  Drone x2  
  37  3:18  Drone  
  39  3:22  Extractor  
  39  3:26  Roach Warren  
  37  3:27  Drone  
  37  3:30  Drone  
  37  3:32  Drone  
  40  3:36  Drone  
  40  3:37  Drone  
  42  3:43  Drone, Zerg Missile Weapons Level 1  
  42  3:47  Drone  
  42  3:48  Drone  
  45  3:53  Overlord  
  45  4:01  Drone  
  45  4:02  Drone x3  
  49  4:07  Glial Reconstitution  
  49  4:15  Drone x3  
  52  4:29  Hatchery  
  52  4:30  Overlord  
  52  4:31  Roach  
  52  4:33  Roach  
  54  4:41  Roach x2  
  54  4:44  Overlord  
  58  4:52  Roach x3  
  66  4:53  Roach  
  65  5:00  Overseer  
  65  5:04  Spire  
  65  5:06  Roach x2  
  68  5:12  Roach x2  
  68  5:13  Roach  
  74  5:17  Overlord  
  74  5:20  Overlord  
  74  5:24  Drone  
  75  5:34  Overlord  
  75  5:39  Drone x3  
  75  5:40  Drone x4  
  82  5:50  Overlord  
  82  5:52  Roach x3  
  82  5:53  Roach  
  90  6:11  Extractor  
  90  6:13  Extractor  
  90  6:17  Mutalisk x6  
  90  6:18  Mutalisk  
  102  6:26  Roach x3  
  108  6:34  Roach x2  
  108  6:35  Roach  
  114  6:40  Overlord  
  108  6:49  Overlord  
  108  6:50  Roach x5  
  106  6:57  Drone x5  
  105  7:04  Drone x5  
  110  7:21  Hydralisk Den, Drone x3  
  110  7:22  Overlord  
  112  7:30  Overlord  
  112  7:33  Overlord  
  112  7:34  Drone x2  
  106  7:46  Roach  
  106  7:47  Roach x6  
  102  8:01  Drone  
  102  8:03  Lurker Den  
  102  8:04  Roach  
  102  8:05  Roach x2  
  104  8:06  Queen, Zerg Missile Weapons Level 2  
  104  8:11  Queen  
  104  8:12  Drone x2  
  110  8:13  Drone  
  110  8:15  Roach x2  
  110  8:17  Hatchery  
  114  8:20  Overlord  
  113  8:34  Roach x4  
  113  8:35  Roach x4  
  129  8:46  Roach  
  129  8:47  Roach x4  
  118  8:57  Roach  
  118  8:58  Roach x2  
  118  8:59  Hatchery  
  115  9:08  Roach x6  
  115  9:09  Ravager  
  128  9:10  Ravager  
  128  9:16  Ravager  
  122  9:24  Roach x6  
  116  9:34  Roach x3  
  102  9:43  Roach x3  
  106  9:51  Roach  
  106  9:52  Ravager  
  107  9:58  Roach x3  
  113  10:10  Roach x6  
  125  10:15  Mutalisk  
  125  10:16  Mutalisk x4  
  131  10:22  Mutalisk  
  131  10:23  Mutalisk x2  
  119  10:29  Roach x2  
  120  10:39  Roach x6  
  132  10:45  Roach x4  
  132  10:49  Ravager  
  137  11:02  Roach x5  
  98  11:12  Roach  
  98  11:13  Roach x6  
  102  11:25  Roach x3  
  95  11:30  Queen  
  86  11:36  Roach x4  
  86  11:48  Roach x3  
  86  11:49  Roach  
  86  11:51  Extractor  
  86  11:52  Extractor  
  92  11:58  Roach x4  
  92  12:00  Drone x2  
  102  12:11  Roach  
  102  12:12  Roach x3  
  106  12:24  Drone x6  
  106  12:29  Roach x2  
  102  12:56  Roach x8  
  98  13:09  Ravager  
  98  13:10  Ravager x4  
  98  13:12  Roach x4  
  101  13:18  Ravager  
  102  13:23  Roach x2  
  102  13:24  Roach x2  
  112  13:34  Roach x4  
  118  13:52  Roach  
  118  13:53  Roach x5  
  118  13:55  Overlord  
  130  13:56  Overlord  
  130  14:04  Overlord  
  130  14:15  Hydralisk x4  
  138  14:17  Hydralisk  
  140  14:27  Roach  
  140  14:28  Roach x3  
  148  14:36  Nydus Network  
  147  14:46  Lurker x3  
  147  14:47  Lurker x2  
  147  14:50  Hydralisk  
  154  14:53  Overlord  
  154  14:55  Overlord  
  154  15:18  Hatchery  
  154  15:19  Nydus Canal  
  153  15:29  Roach x7  
  161  15:51  Mutalisk x6  
  151  16:04  Mutalisk x3  
  151  16:05  Mutalisk  
  130  16:14  Mutalisk  
  100  16:26  Mutalisk x2  
  95  16:45  Mutalisk x3  
  62  17:12  Mutalisk x3  
  66  17:33  Roach x5  
  74  17:44  Roach  
  66  18:12  Hydralisk x4  
  74  18:38  Lurker  
  75  18:52  Hatchery  
  70  19:03  Lurker  
  69  19:25  Drone x8  
Show
View Real Time Build Order
Export as new Build Order

Toodming Zerg 

Build Orders: Hatch First 

Get SALT Encoding   

  12  0:01  Drone  
  13  0:13  Overlord  
  13  0:18  Drone  
  14  0:31  Drone x2  
  16  0:48  Hatchery  
  15  0:51  Drone  
  15  0:56  Drone  
  17  1:10  Spawning Pool  
  16  1:13  Drone  
  16  1:16  Drone  
  18  1:20  Drone  
  19  1:26  Extractor  
  19  1:28  Drone  
  19  1:44  Drone  
  20  1:50  Overlord  
  20  1:57  Queen  
  20  2:00  Queen  
  24  2:01  Zergling x4  
  26  2:12  Zergling x4  
  28  2:23  Drone x2  
  30  2:34  Overlord  
  30  2:37  Lair  
  30  2:38  Drone  
  31  2:45  Drone x2  
  31  2:50  Queen  
  35  2:57  Drone x2  
  37  3:07  Evolution Chamber  
  37  3:10  Drone x4  
  40  3:13  Drone  
  40  3:16  Drone  
  42  3:20  Overlord  
  42  3:29  Roach Warren  
  41  3:34  Zerg Missile Weapons Level 1  
  41  3:35  Drone  
  41  3:41  Drone x4  
  44  3:44  Extractor  
  44  3:46  Extractor  
  44  3:54  Drone x2  
  44  3:55  Drone  
  47  4:03  Drone  
  47  4:04  Overlord  
  47  4:07  Drone x2  
  49  4:10  Glial Reconstitution  
  49  4:13  Drone  
  49  4:15  Overseer  
  50  4:22  Drone x2  
  52  4:32  Roach x3, Hatchery  
  52  4:34  Roach  
  52  4:38  Overlord  
  59  4:40  Overlord  
  59  4:53  Evolution Chamber  
  59  4:59  Drone x5  
  61  5:03  Roach  
  61  5:04  Roach x4  
  71  5:11  Overlord  
  71  5:12  Overlord  
  71  5:14  Extractor  
  71  5:21  Zerg Ground Armor Level 1  
  70  5:26  Overlord x2  
  70  5:28  Roach x2  
  74  5:37  Roach  
  74  5:38  Roach x3  
  82  5:48  Roach x4  
  89  5:57  Roach x3  
  95  6:05  Zerg Missile Weapons Level 2  
  95  6:11  Ravager x2  
  97  6:13  Ravager  
  97  6:15  Drone x2  
  97  6:16  Drone x4  
  97  6:18  Ravager  
  105  6:31  Roach x4  
  113  6:33  Overlord  
  113  6:35  Overlord  
  113  6:45  Queen  
  94  6:54  Extractor, Hydralisk Den  
  94  6:57  Drone x11  
  76  7:10  Roach x3  
  76  7:14  Roach  
  84  7:20  Roach x2  
  84  7:22  Spore Crawler x2  
  86  7:25  Hydralisk x4  
  86  7:27  Roach  
  96  7:32  Spore Crawler  
  96  7:33  Overlord  
  96  7:34  Roach  
  97  7:42  Roach x3  
  97  7:47  Roach x3  
  97  7:49  Hydralisk  
  101  7:52  Hydralisk  
  101  7:54  Grooved Spines  
  96  7:59  Hydralisk  
  96  8:02  Spore Crawler  
  95  8:08  Hydralisk x3  
  95  8:10  Queen  
  103  8:15  Roach  
  105  8:21  Overlord x2  
  103  8:27  Roach  
  103  8:32  Roach  
  104  8:41  Roach x3  
  104  8:44  Roach x4  
  104  8:48  Roach  
  109  8:57  Roach x3  
  113  9:05  Roach x2  
  109  9:11  Roach x2  
  113  9:18  Roach  
  113  9:20  Roach  
  113  9:21  Roach  
  109  9:28  Roach  
  109  9:30  Roach x2  
  99  9:33  Roach x2  
  99  9:34  Roach  
  99  9:38  Roach  
  99  9:41  Roach  
  95  9:46  Roach  
  97  9:52  Ravager  
  97  9:53  Ravager x3  
  97  9:54  Ravager  
  97  9:56  Ravager x2  
  97  9:58  Roach x3  
  97  9:59  Roach  
  110  10:02  Roach  
  112  10:08  Roach  
  112  10:09  Roach  
  112  10:10  Roach  
  112  10:12  Roach  
  112  10:14  Roach  
  122  10:18  Roach  
  120  10:23  Roach x2  
  120  10:26  Roach  
  111  10:29  Roach  
  111  10:31  Roach  
  111  10:35  Roach  
  117  10:41  Roach  
  117  10:42  Roach  
  119  10:45  Ravager  
  119  10:48  Roach  
  122  10:56  Roach x2  
  119  10:57  Roach  
  119  11:02  Roach  
  107  11:04  Roach  
  107  11:10  Hydralisk x3  
  98  11:19  Hydralisk x2  
  98  11:21  Hydralisk  
  98  11:24  Hydralisk  
  88  11:35  Hydralisk x2  
  77  11:40  Hydralisk  
  77  11:41  Hydralisk  
  79  11:50  Hydralisk x2  
  79  11:52  Drone  
  79  11:53  Drone  
  79  11:54  Drone  
  80  12:03  Roach  
  80  12:07  Muscular Augments  
  82  12:12  Roach x2  
  82  12:13  Roach x2  
  90  12:24  Drone  
  90  12:25  Drone x3  
  90  12:26  Drone  
  95  12:30  Drone x2  
  95  12:31  Drone  
  95  12:32  Drone  
  97  12:45  Roach  
  97  12:46  Roach x4  
  97  12:48  Roach x2  
  107  12:53  Roach  
  104  12:59  Roach x4  
  111  13:06  Overlord, Roach  
  111  13:16  Overlord x2  
  111  13:33  Ravager x2  
  113  13:34  Ravager  
  114  13:41  Roach x2  
  114  13:42  Roach x5  
  114  13:45  Hatchery, Roach  
  114  13:47  Roach  
  131  13:51  Roach x2  
  131  13:59  Overlord  
  131  14:00  Overlord  
  131  14:10  Pneumatized Carapace  
  131  14:14  Overlord x4  
  131  14:24  Ravager  
  131  14:25  Ravager  
  133  14:34  Drone  
  134  14:41  Roach x9  
  152  14:46  Queen  
  154  14:58  Queen, Drone x4  
  160  15:08  Roach x4  
  160  15:09  Ravager  
  160  15:10  Ravager x2  
  171  15:19  Overseer  
  171  15:26  Spore Crawler  
  170  15:30  Overlord x3  
  170  15:36  Roach x5  
  162  15:52  Roach x7  
  162  16:04  Roach x4  
  122  16:20  Hydralisk  
  122  16:21  Hydralisk x2  
  122  16:22  Hydralisk x2  
  126  16:33  Extractor  
  126  16:34  Spawning Pool  
  70  17:25  Spore Crawler x3, Roach  
  70  17:26  Spore Crawler x2, Roach  
  70  17:27  Spore Crawler  
  70  17:29  Spore Crawler  
  29  17:41  Roach x3  
  35  17:56  Queen, Drone x3  
  35  17:57  Extractor x2  
  38  18:07  Spore Crawler  
  38  18:11  Roach x2  
  38  18:12  Roach  
  43  18:23  Spore Crawler  
  43  18:41  Drone x3  
  32  19:07  Spawning Pool  
  27  19:12  Drone  
  28  19:23  Drone x2  
Tags
 
Add a new tag
Caveats
  • Supply blocks, unpowered buildings, or Contaminate may cause inaccurate times.
  • Supply counts are checked every 10 seconds.